 Dungeon Crawl Stone Soup version 0.27-a0-1378-gdefffd1ff6 (webtiles) character file.

Game seed: 12512268775463230190

26 MrSixtyFour the Stinger (level 2, 0/23 HPs)
             Began as a Draconian Wanderer on June 29, 2021.
             Slain by an iguana (4 damage)
             ... on level 1 of the Dungeon.
             The game lasted 00:05:53 (1242 turns).

MrSixtyFour the Stinger (Draconian Wanderer)        Turns: 1242, Time: 00:05:53

Health: 0/23       AC:  4    Str: 16    XL:     2   Next: 89%
Magic:  2/3        EV: 11    Int: 12    God:
Gold:   26         SH:  0    Dex:  8    Spells: 2/3 levels left

rFire    . . .     SeeInvis .   a - +2 hand axe
rCold    . . .     Faith    .   (no shield)
rNeg     . . .     Spirit   .   (armour unavailable)
rPois    .         Reflect  .   (helmet restricted)
rElec    .         Harm     .   (no cloak)
rCorr    .         Rampage  .   (no gloves)
Will     .....                  (no boots)
Stlth    +.........             (no amulet)
HPRegen  0.07/turn              (no ring)
MPRegen  0.08/turn              (no ring)

@: no status effects
A: AC +4, unfitting armour, cold-blooded
a: no special abilities


You were on level 1 of the Dungeon.
You visited 1 branch of the dungeon, and saw 2 of its levels.

You collected 26 gold pieces.

Inventory:

Hand Weapons
 a - a +2 hand axe (weapon)
Magical Staves
 f - a staff of conjuration
Scrolls
 c - a scroll of vulnerability {unknown}
 d - 2 scrolls of silence {unknown}
 e - 2 scrolls of identify {unknown}


   Skills:
 + Level 1.2 Fighting
 + Level 2.5 Axes
 + Level 0.6 Dodging
 + Level 1.0 Stealth
 - Level 1.0 Shields
 + Level 1.1 Spellcasting
 - Level 2.0 Ice Magic
 + Level 2.6 Poison Magic


You had 2 spell levels left.
You knew the following spells:

 Your Spells              Type           Power      Damage    Failure   Level
a - Sting                 Tmut/Pois      12%        1d3       19%         1

Your spell library contained the following spells:

 Spells                   Type           Power      Damage    Failure   Level
 Searing Ray              Conj           0%         3d3       41%         2
 Static Discharge         Conj/Air       0%         N/A       41%         2
 Ignite Poison            Fire/Tmut/Pois 2%         N/A       54%         3


Dungeon Overview and Level Annotations

Branches:
Dungeon (2/15)

Altars:
Sif Muna


Innate Abilities, Weirdness & Mutations

Your plain brown scales are hard. (AC +4)
You cannot fit into any form of body armour.
You are cold-blooded and may be slowed by cold attacks.


Message History

The iguana closely misses you. The iguana bites you!
* * * LOW HITPOINT WARNING * * *
It was a potion of curing.
You feel better.
Found a stone staircase leading down.
You hit the iguana.
The iguana is heavily wounded.
The iguana bites you but does no damage.
The iguana bites you.
You hit the iguana but do no damage.
The iguana is heavily wounded.
The iguana bites you!
* * * LOW HITPOINT WARNING * * *
A kobold comes into view. It is wielding a +0 club.
The kobold shouts!
The iguana hisses menacingly.
The iguana barely misses you. The kobold hits you with a +0 club.
* * * LOW HITPOINT WARNING * * *
The kobold barely misses you.
There is a stone staircase leading up here.
The iguana barely misses you. The kobold barely misses you.
You climb upwards.
There is a stone staircase leading down here.
The iguana closely misses you.
You aren't carrying any items that you can evoke.
Aiming: Sting (safe; 19% risk of failure)
Press: ? - help, Q - select action Shift-Dir - straight line, f - iguana
Aim: an iguana (moderately wounded, 69% to hit)
Okay, then.
Aiming: Sting (safe; 19% risk of failure)
Press: ? - help, Q - select action Shift-Dir - straight line, f - iguana
Aim: an iguana (moderately wounded, 69% to hit)
The sting hits the iguana but does no damage.
The iguana is poisoned.
The iguana is moderately wounded.
The kobold hits you but does no damage.
You hit the iguana but do no damage.
The iguana is almost dead.
You closely miss the kobold. The iguana bites you.
You die...

#.##..........#..
#.###............
###.####.###.......
#..................
#................#.
#.>................
#.........#......>.
#..K...........###.
#.@l............##.
#...............###
#########....รท..#
##...))## ##.....##
#.......# #.......#
#.......# ##.....##


You could see an iguana (poisoned) and a kobold.

Vanquished Creatures
  2 ball pythons (D:1)
  An endoplasm (D:1)
  5 giant cockroaches (D:1)
  3 goblins (D:1)
  3 hobgoblins (D:1)
  A kobold (D:1)
  2 quokkas (D:1)
  2 bats (D:1)
  2 frilled lizards (D:1)
21 creatures vanquished.

Vanquished Creatures (others)
  A ghoul (D:1)
  A draconian (D:1)
  A gargoyle (D:1)
  2 vine stalkers (D:1)
  A djinni (D:1)
  A merfolk (D:1)
  2 demonspawn (D:1)
  A demigod (D:1)
  A barachi (D:1)
  A kobold (D:1)
  8 tentacles (D:1)
20 creatures vanquished.

Grand Total: 41 creatures vanquished

Notes
Turn   | Place    | Note
-------+----------+-------------------------------------------
     0 | D:1      | MrSixtyFour the Draconian Wanderer began the quest for the
                  | Orb.
     0 | D:1      | MrSixtyFour set off with the following items: a +2 hand
                  | axe; and the following spell memorised: Sting; and the
                  | following spells available to memorise: Searing Ray, Static
                  | Discharge, Ignite Poison
     0 | D:1      | Reached XP level 1. HP: 16/16 MP: 2/2
     0 | D:1      | Noticed a vine stalker
     0 | D:1      | Noticed a demigod
     0 | D:1      | Noticed a demonspawn
     0 | D:1      | Noticed a djinni
     0 | D:1      | Noticed a kraken
     0 | D:1      | Noticed a ghoul
     0 | D:1      | Noticed a barachi
     0 | D:1      | Noticed a vine stalker
     0 | D:1      | Noticed a demonspawn
     0 | D:1      | Noticed a draconian
     0 | D:1      | Noticed a merfolk
     0 | D:1      | Noticed a gargoyle
     2 | D:1      | Killed a demonspawn
    11 | D:1      | Killed a ghoul
    12 | D:1      | Killed a djinni
    12 | D:1      | Killed a vine stalker
    12 | D:1      | Killed a gargoyle
    13 | D:1      | Killed a barachi
    13 | D:1      | Killed a vine stalker
    14 | D:1      | Killed a merfolk
    16 | D:1      | Killed a draconian
    17 | D:1      | Killed a demonspawn
    19 | D:1      | Killed a demigod
   232 | D:1      | Reached XP level 2. HP: 15/23 MP: 3/3
  1093 | D:1      | Found a faded altar of an unknown god.
  1169 | D:2      | Found a shimmering blue altar of Sif Muna.
  1242 | D:1      | Slain by an iguana

Illustrated notes

Levels and vault maps discovered:
D:1:      nicolae_arrival_kraken_aquarium_a, layout_rooms,
          chequers_ecumenical_altar_lobes, amcnicky_mini_pool_small,
          chequers_serial_rivers_micro_c
D:2:      layout_rooms, basic_altar, uniq_crazy_yiuf_cottage, uniq_robin

Action                   || total
-------------------------++-------
Melee: Hand axe          ||    69
       Tailslap          ||     4
 Cast: Sting             ||     1
  Use: Potion            ||     1
Armor: Skin              ||    29
Dodge: Dodged            ||    55

Table legend: (Time is in decaauts)
 A = Elapsed time spent in this place.
 B = Non-inter-level travel time spent in this place.
 C = Inter-level travel time spent in this place.
 D = Time resting spent in this place.
 E = Time spent auto-exploring this place.
 F = Levels seen in this place.
 G = Mean time per level.
                   A        B        C        D        E       F      G
               +--------+--------+--------+--------+--------+-----+--------+
         Total |   1255 |   1194 |     61 |    522 |    461 |   2 |  627.5 |
       Dungeon |   1255 |   1194 |     61 |    522 |    461 |   2 |  627.5 |
               +--------+--------+--------+--------+--------+-----+--------+

Top non-repeatable levels by time:
     D:1: 1198 daAuts
     D:2: 57 daAuts
